 Dungeon Crawl Stone Soup version 0.28-a0-381-g937acc2988 (webtiles) character file.

Game seed: 13862334992979229691

2464 lunkers the Grappler (level 9, -2/83 HPs)
             Began as a Minotaur Cinder Acolyte on Sept 1, 2021.
             Was a High Priest of Ignis.
             Slain by a troll (4 damage)
             ... on level 8 of the Dungeon.
             The game lasted 00:11:37 (7971 turns).

lunkers the Grappler (Minotaur Cinder Acolyte)      Turns: 7971, Time: 00:11:39

Health: -2/83      AC:  7    Str: 22    XL:     9   Next: 26%
Magic:  7/9        EV: 10    Int: 10    God:    Ignis [*****.]
Gold:   425        SH:  0    Dex:  7    Spells: 9/10 levels left

rFire   + . .      SeeInvis .     - Unarmed
rCold   . . .      Faith    .   (no shield)
rNeg    . . .      Spirit   .   i - +0 ring mail
rPois   .          Reflect  .   (helmet restricted)
rElec   .          Harm     .   (no cloak)
rCorr   .          Rampage  .   (no gloves)
Will    .....                   c - +0 pair of boots
Stlth   ..........              p - amulet of regeneration
HPRegen 1.23/turn               (no ring)
MPRegen 0.11/turn               (no ring)

@: no status effects
A: horns 2, retaliatory headbutt
a: Renounce Religion, Sea of Fire, Foxfire Swarm, Rising Flame


You were on level 8 of the Dungeon.
You worshipped Ignis.
Ignis was extremely pleased with you.
You visited 1 branch of the dungeon, and saw 8 of its levels.
You also visited: Ossuary.

You collected 425 gold pieces.

Inventory:

Armour
 c - a +0 pair of boots (worn)
 g - a +0 leather armour of cold resistance
 i - a +0 ring mail (worn)
Jewellery
 p - an amulet of regeneration (around neck)
Wands
 q - a wand of iceblast (12)
Scrolls
 e - 3 scrolls of immolation
 f - 4 scrolls of magic mapping {unknown}
 l - 5 scrolls of teleportation
 m - a scroll of fog {unknown}
 n - a scroll of noise {unknown}
 o - 2 scrolls of silence {unknown}
 s - a scroll of enchant weapon {unknown}
 u - a scroll of vulnerability {unknown}
 x - a scroll of blinking {unknown}
Potions
 a - 3 potions of curing
 b - a potion of magic
 d - 3 potions of mutation
 h - 3 potions of brilliance
 j - 3 potions of cancellation
 k - 2 potions of flight
 r - a potion of heal wounds
 t - a potion of haste {unknown}
 v - 2 potions of invisibility
 w - a potion of might {unknown}


   Skills:
 + Level 9.0 Fighting
 + Level 4.4 Armour
 * Level 11.0 Unarmed Combat
 - Level 1.0 Spellcasting
 - Level 0.6 Fire Magic


You had 9 spell levels left.
You knew the following spells:

 Your Spells              Type           Power      Damage    Failure   Level
p - Foxfire               Conj/Fire      4%         2x1d4     43%         1

Your spell library contained the following spells:

 Spells                   Type           Power      Damage    Failure   Level
 Beastly Appendage        Tmut           0%         N/A       47%         1
 Ensorcelled Hibernation  Hex/Ice        0%         N/A       63%         2
 Wereblood                Tmut           0%         N/A       63%         2
 Spider Form              Tmut/Pois      0%         N/A       85%         3
 Ice Form                 Ice/Tmut       0%         N/A       99%         4
 Yara's Violent Unravell  Hex/Tmut       0%         3d3       100%        5
 Storm Form               Tmut/Air       0%         N/A       100%        7


Dungeon Overview and Level Annotations

Branches:
Dungeon (8/15)             Temple (0/1) D:5         Ossuary (visited)
   Lair: D:8-11

Altars:
Cheibriados
Fedhas
Hepliaklqana
Makhleb
Ru

Shops:
D:8 [

Annotations:
D:3 Grinder
D:5 1 runed translucent door, CraigForest's ghost, novice SpMo; Ijyb


Innate Abilities, Weirdness & Mutations

You have a pair of horns on your head.
You reflexively headbutt those who attack you in melee.


Message History

The foxfire hits the troll.
The troll is lightly wounded.
You closely miss the troll. You headbutt the troll!
The troll is moderately wounded.
The troll completely misses you. The troll claws you. x2
You hit the troll. You headbutt the troll!
The troll is severely wounded.
The troll bites you! The troll claws you! The troll claws you.
You barely miss the troll.
The troll is severely wounded.
The troll barely misses you. The troll claws you.
* * * LOW HITPOINT WARNING * * *
The troll claws you.
* * * LOW HITPOINT WARNING * * *
You closely miss the troll.
The troll is severely wounded.
The troll misses you.
The troll claws you but does no damage. x2
You barely miss the troll.
The troll is severely wounded.
You barely miss the troll. You headbutt the troll.
The troll is severely wounded.
The troll bites you.
* * * LOW HITPOINT WARNING * * *
The troll claws you!
* * * LOW HITPOINT WARNING * * *
The troll claws you!
* * * LOW HITPOINT WARNING * * *
Your magical contamination has completely faded away.
You barely miss the troll.
The troll is severely wounded.
The troll bites you!
* * * LOW HITPOINT WARNING * * *
The troll claws you but does no damage. The troll barely misses you.
You punch the troll!
You headbutt the troll, but do no damage.
The troll is almost dead.
The troll misses you. The troll claws you!
* * * LOW HITPOINT WARNING * * *
The troll claws you.
You die...

## .)# #.#
#####.# #####
##∩.∩#.#
#....
#......#
#.###
#.∩T@..# #.#
.......#...)#
#.#
.....####...#
#.# ....
###.# #.# ...
#.#
########.#
(.........#.#
#........# #
#.......#.#
#.########
.......#.#
#.#
#......#.#
#.#


You could see a troll.

Vanquished Creatures
  A steam dragon (D:8)
  An ice beast (D:6)
  2 sky beasts
  A black bear (D:6)
  A necrophage (D:8)
  An ogre (D:5)
  A phantom (D:5)
  A centaur (D:7)
  A kobold brigand (D:7)
  A wyvern zombie (D:6)
  A bullfrog (D:7)
  6 water moccasin zombies (Ossuary)
  A scorpion (D:5)
  A water moccasin skeleton (D:6)
  4 killer bees (D:7)
  A centaur zombie (D:8)
  2 bullfrog skeletons
  A hound (D:5)
  2 orc priests (D:8)
  4 centaur skeletons
  Jessica (D:1)
  Natasha (D:2)
  Terence (D:2)
  5 orc wizards
  A scorpion zombie (D:5)
  2 killer bee zombies
  3 mummies
  A howler monkey zombie (D:7)
  5 gnolls
  8 adders
  3 white imps
  An ufetubus (D:6)
  An adder skeleton (D:4)
  7 adder zombies (Ossuary)
  A worm (D:4)
  3 dart slugs
  13 orcs
  7 bats
  4 endoplasms
  5 giant cockroaches
  7 goblins
  2 hobgoblins (D:2)
  4 jackals (D:1)
  9 kobolds
  2 quokkas (D:3)
  2 ball pythons
  3 frilled lizards
  5 hobgoblin zombies
  6 kobold zombies
  3 orc zombies (Ossuary)
  3 rats
153 creatures vanquished.

Vanquished Creatures (others)
  212 foxfires
  A fungus (D:1)
  2 plants (D:1)
215 creatures vanquished.

Grand Total: 368 creatures vanquished

Notes
Turn   | Place    | Note
-------+----------+-------------------------------------------
     0 | D:1      | lunkers the Minotaur Cinder Acolyte began the quest for the
                  | Orb.
     0 | D:1      | Reached XP level 1. HP: 19/19 MP: 1/1
   146 | D:1      | Reached XP level 2. HP: 11/27 MP: 2/2
   601 | D:1      | Reached skill level 4 in Unarmed Combat
   913 | D:1      | Found a faded altar of an unknown god.
  1009 | D:1      | Got the Disquisition on Ice and Transmigration
  1086 | D:1      | Reached XP level 3. HP: 32/33 MP: 0/3
  1543 | D:2      | You fall into a shaft and drop 1 floor!
  1776 | D:2      | Reached skill level 5 in Unarmed Combat
  1776 | D:2      | Reached XP level 4. HP: 40/41 MP: 1/4
  1917 | D:2      | Noticed Jessica
  1920 | D:2      | Noticed Terence
  2024 | D:1      | Killed Jessica
  2398 | D:2      | Killed Terence
  2399 | D:2      | Reached XP level 5. HP: 30/47 MP: 1/5
  2681 | D:3      | Reached skill level 5 in Fighting
  2846 | D:3      | Reached skill level 6 in Unarmed Combat
  3115 | D:3      | Noticed Grinder
  3346 | D:3      | Paralysed by Grinder for 6 turns
  3427 | D:2      | Noticed Natasha
  3435 | D:2      | Killed Natasha
  3677 | D:3      | Reached XP level 6. HP: 56/56 MP: 4/6
  3784 | D:4      | Found a sacrificial altar of Ru.
  3840 | D:4      | Found a blossoming altar of Fedhas.
  3996 | D:4      | Found a hazy altar of Hepliaklqana.
  4603 | D:4      | Found a snail-covered altar of Cheibriados.
  4681 | D:5      | Entered Level 5 of the Dungeon
  4775 | D:5      | Found a staircase to the Ecumenical Temple.
  4819 | D:5      | Noticed Ijyb
  4921 | D:5      | Reached skill level 7 in Unarmed Combat
  4987 | D:5      | Found a runed translucent door.
  4988 | D:5      | Noticed CraigForest's ghost (novice SpMo)
  5075 | D:5      | Reached XP level 7. HP: 62/64 MP: 1/7
  5498 | D:6      | Reached skill level 8 in Unarmed Combat
  5601 | D:6      | Found a sand-covered staircase.
  5609 | Ossuary  | Entered an ossuary
  5745 | Ossuary  | Reached skill level 9 in Unarmed Combat
  5745 | Ossuary  | Reached XP level 8. HP: 70/73 MP: 8/8
  6002 | D:6      | Reached skill level 1 in Armour
  6708 | D:7      | Reached skill level 10 in Unarmed Combat
  6818 | D:7      | Found a burning altar of Makhleb.
  7235 | D:8      | Reached XP level 9. HP: 82/82 MP: 5/9
  7672 | D:8      | Reached skill level 11 in Unarmed Combat
  7952 | D:8      | Found Ytoitu's Armour Shop.
  7956 | D:8      | Noticed a troll
  7971 | D:8      | HP: 2/83 [troll (9)]
  7971 | D:8      | Slain by a troll

Illustrated notes

Levels and vault maps discovered:
D:1:      dpeg_arrival_pits, layout_basic,
          shapermc_ecumenical_altar_mp_urbaneastern, serial_bayou_pond_c
D:2:      layout_rooms, uniq_terence, uniq_jessica, uniq_natasha
D:3:      layout_rooms, uniq_grinder
D:4:      layout_loops_ring, kennysheep_mini, old_standard_altar,
          grunt_temple_overflow_open
D:5:      layout_loops_corners, minmay_temple_entry_drinking_statues,
          ebering_ghost_sewer_f, kennysheep_small_spiral,
          chequers_serial_rivers_marsh, dk_noncrumbling_3, nrook_mini_backslash,
          moated_statue, amcnicky_mini_rare_corridor_liquid,
          hangedman_decor_clover_reticule, uniq_ijyb, uniq_crazy_yiuf_cottage
D:6:      layout_loops_corners, nicolae_ossuary_entry_giza
D:7:      layout_rooms, general_overflow_altar
D:8:      kennysheep_spiral_hall, layout_basic, ebering_ghost_xom, serial_shops,
          nicolae_shop_competitors_out_of_business, st_stairs_14

Skill      XL: |  1  2  3  4  5  6  7  8  9 |
---------------+----------------------------+-----
Fighting       | 4 5 6 7 8 9 |  9.0
Unarmed Combat | 4 5 6 7 9 10 11 | 11.0
Armour         | 3 4 |  4.4
Spellcasting   | |  1.0
Fire Magic     | |  0.6

Action                   |  1- 3 |  4- 6 |  7- 9 || total
-------------------------+-------+-------+-------++-------
Melee: Unarmed           |    66 |   115 |   260 ||   441
       Headbutt          |     4 |    11 |    33 ||    48
       Punch             |       |     5 |     7 ||    12
 Cast: Foxfire           |    30 |    54 |    51 ||   135
  Use: Scroll            |       |     6 |     4 ||    10
Armor: Robe              |    10 |       |       ||    10
       Leather armour    |     1 |       |       ||     1
       Ring mail         |     6 |    37 |    72 ||   115
Dodge: Dodged            |    36 |    45 |    89 ||   170

Table legend: (Time is in decaauts)
 A = Elapsed time spent in this place.
 B = Non-inter-level travel time spent in this place.
 C = Inter-level travel time spent in this place.
 D = Time resting spent in this place.
 E = Time spent auto-exploring this place.
 F = Levels seen in this place.
 G = Mean time per level.
                   A        B        C        D        E       F      G
               +--------+--------+--------+--------+--------+-----+--------+
         Total |   7936 |   7730 |    206 |   1059 |   5398 |   9 |  881.8 |
       Dungeon |   7733 |   7527 |    206 |   1059 |   5307 |   8 |  966.6 |
       Ossuary |    203 |    203 |      0 |      0 |     91 |   1 |  203.0 |
               +--------+--------+--------+--------+--------+-----+--------+

Top non-repeatable levels by time:
     D:1: 1757 daAuts
     D:2: 1376 daAuts
     D:6: 959 daAuts
     D:4: 926 daAuts
     D:5: 768 daAuts
     D:8: 741 daAuts
     D:3: 630 daAuts
     D:7: 572 daAuts
 Ossuary: 203 daAuts
